Cogmind - Beta 16.1 @@@ ROGUE MODE // 2026.02.17 @ 11:39:36 Player: Jimothy Jimone Result: Destroyed by G-50 Soldier with Heavy Laser Performance ------------- Evolutions (2) 1000 Regions Visited (5) 1000 Robots Destroyed (8) 40 Value Destroyed (305) 305 Prototype IDs (1) 20 Alien Tech Used (0) 0 Bonus (404) 404 TOTAL SCORE: 2769 Bonus ------- High Alert Combat Kills 13 Follower Combat Kills 391 Cogmind --------- Core Integrity 0/550 Matter 275/300 Energy 46/100 System Corruption 1% Temperature Cool (9) Movement Core (200) Ox3 Location -8/Storage Parts ------- > --- POWER (2) -------- (None) > --- PROPULSION (3) --- (None) > --- UTILITY (4) ------ Signal Interpreter System Shield > --- WEAPON (2) ------- Advanced EMP Blaster Advanced EMP Blaster > --- INVENTORY (5) ---- Nuclear Core Nuclear Core Visual Processing Unit Peak State ------------ > --- POWER ------------ Nuclear Core Nuclear Core > --- PROPULSION ------- Aluminum Leg Aluminum Leg > --- UTILITY ---------- Sensor Array Signal Interpreter Hacking Suite System Shield > --- WEAPON ----------- EM Shotgun Light Assault Rifle > --- INVENTORY -------- Nuclear Core Nuclear Core Visual Processing Unit [Rating: 19] Favorites ----------- Power Ion Engine Engine Ion Engine Power Core Nuclear Core Propulsion Aluminum Leg Leg Aluminum Leg Utility ECM Suite Device ECM Suite Processor Signal Interpreter Hackware System Shield Weapon Light Assault Rifle Energy Gun EM Shotgun Ballistic Gun Light Assault Rifle Launcher Advanced EMP Blaster Special Weapon Mining Laser Build | -11 -10 -10 -9 -8 -8 ------- Run | Yrd Mat Min Mat Mat Sto Slots Evolved 4 | . . . 2 2 . Power 1 | . . . 1 . . Propulsion 1 | . . . . 1 . Utility 2 | . . . 1 1 . Weapon . | . . . . . . Parts Attached 23 | 7 1 1 4 1 9 Power 6 | 1 . . 1 . 4 Engine 2 | 1 . . 1 . . Core 4 | . . . . . 4 Reactor . | . . . . . . Propulsion 3 | 2 . . . 1 . Treads . | . . . . . . Leg 3 | 2 . . . 1 . Wheel . | . . . . . . Hover . | . . . . . . Flight . | . . . . . . Utility 7 | 2 1 . 2 . 2 Device 4 | 2 1 . 1 . . Storage . | . . . . . . Processor 1 | . . . 1 . . Hackware 2 | . . . . . 2 Protection . | . . . . . . Artifact . | . . . . . . Weapon 7 | 2 . 1 1 . 3 Energy Gun 1 | . . . . . 1 Energy Cannon . | . . . . . . Ballistic Gun 2 | 1 . 1 . . . Ballistic Cannon . | . . . . . . Launcher 2 | . . . . . 2 Special Weapon 2 | 1 . . 1 . . Impact Weapon . | . . . . . . Slashing Weapon . | . . . . . . Piercing Weapon . | . . . . . . Special Melee Weapon . | . . . . . . Unidentified Prototypes 1 | . . . . . 1 Parts Lost 11 | . . . . . 11 Power 3 | . . . . . 3 Propulsion 3 | . . . . . 3 Utility 2 | . . . . . 2 Weapon 3 | . . . . . 3 Highest Loss Streak 8 | . . . . . 8 To Critical Strikes . | . . . . . . Average Backups 4 | 1 4 5 5 3 3 Power 2 | 1 2 3 2 2 2 Propulsion . | . . 1 1 . . Utility . | . . . . . 1 Weapon . | . 1 1 1 1 . Tool/Special . | . . . . . . Unused Backups 6 | . 2 . 1 . 3 Power 4 | . 2 . . . 2 Propulsion . | . . . . . . Utility 1 | . . . . . 1 Weapon 1 | . . . 1 . . Tool/Special . | . . . . . . Average Slot Usage (%) 96 | . 100 100 98 95 90 Engine 12 | . 14 14 21 18 2 Core 4 | . . . . . 15 Leg 23 | . 28 28 21 27 20 Device 24 | . 28 28 22 22 20 Processor 5 | . . . 10 9 9 Hackware 1 | . . . . . 6 Energy Gun 2 | . . . . . 7 Ballistic Gun 11 | . 14 14 10 9 8 Special Weapon 9 | . 14 14 10 9 1 Peak Build Rating 19 | 9 9 7 9 11 19 Average Rating 10 | 5 8 7 8 10 16 On Entrance 7 | . 9 7 7 9 11 Avg Prop Armor Cover (%) 15 | . . . . . 15 Naked Turns . | . . . . . . Heaviest Build 22 | 9 10 10 15 16 22 Greatest Support 30 | 20 20 20 20 30 30 Greatest Overweight (x) 6 | 1 . . 1 . 6 Average Overweight (x) . | . . . . . . Largest Inventory Capacity 5 | 5 5 5 5 5 5 Average Capacity 5 | 5 5 5 5 5 5 Most Carried 5 | 4 5 5 5 4 5 Average Carried 4 | 1 4 5 4 3 3 Final Capacity 5 | 5 5 5 5 5 5 Final Carried 5 | 3 5 5 5 3 3 Class Distribution -------------------- 80% | Mutant 10% | Commander-Mutant 8% | Hacker-Mutant Dominant Class ---------------- Mutant | -10/Materials Mutant | -10/Mines Mutant | -9/Materials Mutant | -8/Materials Commander-Mutant | -8/Storage Resources | -11 -10 -10 -9 -8 -8 ----------- Run | Yrd Mat Min Mat Mat Sto Matter Collected 456 | 279 16 25 13 . 123 Remotely . | . . . . . . Salvage Created 286 | 113 30 17 13 . 113 Parts 22 | 7 2 2 2 . 9 Haulers Intercepted . | . . . . . . Recyclers Shooed . | . . . . . . Parts Field Recycled . | . . . . . . Retrieved Matter . | . . . . . . Parts Self-Destructed . | . . . . . . Prevented . | . . . . . . Parts Restored . | . . . . . . Kills | -11 -10 -10 -9 -8 -8 ------- Run | Yrd Mat Min Mat Mat Sto Combat Hostiles Destroyed 5 | . 1 1 . . 3 Guns 4 | . . 1 . . 3 Cannons 1 | . 1 . . . . Classes Destroyed 6 | 2 1 1 1 . 1 Tunneler 1 | 1 . . . . . Recycler 1 | 1 . . . . . Operator 1 | . . . 1 . . Swarmer 2 | . . 1 . . 1 Grunt 2 | . 1 . . . 1 Sentry 1 | . . . . . 1 Best Kill Streak 2 | 2 1 1 1 . 1 Combat Bots Only 1 | . 1 1 . . 1 Max Kills in Single Turn 1 | 1 1 1 1 . 1 Gunslinging . | . . . . . . Exploded . | . . . . . . Melee . | . . . . . . Uniques/NPCs Destroyed . | . . . . . . Combat | -11 -10 -10 -9 -8 -8 -------- Run | Yrd Mat Min Mat Mat Sto Hostile Shots Fired 142 | . 3 15 7 . 117 Missed 43 | . . 7 2 . 34 Hits 99 | . 3 8 5 . 83 Projectile 99 | . 3 8 5 . 83 Critical Strikes 2 | . . . . . 2 Damage Taken 1524 | . 34 60 73 . 1357 Core 571 | . . 10 . . 561 Absorbed by Shields 7 | . . . . . 7 Core Remaining (%) 98 | 100 . 96 100 . . Volleys Fired 77 | 9 9 6 26 . 27 Largest 2 | 1 2 2 2 . 2 Hottest 120 | 20 120 120 100 . 65 Shots Fired 100 | 9 12 7 30 . 42 Gun 73 | 9 6 5 12 . 41 Cannon . | . . . . . . Launcher 1 | . . . . . 1 Special 26 | . 6 2 18 . . Kinetic 55 | 9 6 5 12 . 23 Thermal 26 | . 6 2 18 . . Explosive . | . . . . . . Electromagnetic 19 | . . . . . 19 Robot Hit Streak 6 | 2 6 1 4 . 6 Robot Miss Streak 19 | 1 3 5 19 . 3 Penetration Max . | . . . . . . Secondary Targets 1 | . . . . . 1 Max Gunslinging Chain 1 | . . . . . 1 Shots Hit Robots 37 | 6 6 1 4 . 20 Core Hits 22 | 4 3 1 3 . 11 Critical Kills . | . . . . . . Critical Parts Destroyed . | . . . . . . Critical Strikes . | . . . . . . Melee Attacks . | . . . . . . Impact . | . . . . . . Slashing . | . . . . . . Piercing . | . . . . . . Sneak Attacks . | . . . . . . Combat Hostiles . | . . . . . . Follow-up Attacks . | . . . . . . Damage Inflicted 452 | 48 79 17 24 . 284 Guns 285 | 48 31 17 20 . 169 Cannons . | . . . . . . Explosions 89 | . . . . . 89 Melee . | . . . . . . Ramming 26 | . . . . . 26 Kinetic 200 | 48 31 17 20 . 84 Thermal 52 | . 48 . 4 . . Explosive . | . . . . . . Electromagnetic 174 | . . . . . 174 Impact . | . . . . . . Slashing . | . . . . . . Piercing . | . . . . . . Highest Corruption 1 | . . . . . 1 Average Corruption 1 | . . . . . 1 Corruption Purged . | . . . . . . Corruption Blocked . | . . . . . . Overload Shots . | . . . . . . Overflow Damage . | . . . . . . Projectiles . | . . . . . . Explosions . | . . . . . . Melee . | . . . . . . Knockbacks 1 | . . . . . 1 Impact 1 | . . . . . 1 Kinetic . | . . . . . . Secondary . | . . . . . . Self-Inflicted Damage 43 | . . . . . 43 Shots 1 | . . . . . 1 Rammed 7 | . . . . . 7 Targets Rammed 7 | . . . . . 7 Kicked . | . . . . . . Crushed . | . . . . . . Highest Temperature 140 | . 72 40 140 . 112 Average Temperature 34 | . 25 15 44 . 34 Received Heat Transfer 636 | . 18 . 27 . 591 Siege Activations . | . . . . . . Martial Activations . | . . . . . . Shielding Activations . | . . . . . . Robots Disrupted . | . . . . . . Combat Hostiles . | . . . . . . Robots Corrupted . | . . . . . . Combat Hostiles . | . . . . . . Parts Fried . | . . . . . . Impact Corruptions . | . . . . . . Robots Melted . | . . . . . . Combat Hostiles . | . . . . . . Parts Melted . | . . . . . . Heat Transferred 125 | . 100 . 25 . . Parts Sabotaged . | . . . . . . Parts Stolen . | . . . . . . Parts Stripped . | . . . . . . Power Chain Reactions . | . . . . . . Alert | -11 -10 -10 -9 -8 -8 ------- Run | Yrd Mat Min Mat Mat Sto Maximum Alert Level 2 | . . . . . 2 Low Security (%) 78 | 100 100 100 100 100 25 Level 1 15 | . . . . . 54 Level 2 5 | . . . . . 20 Level 3 . | . . . . . . Level 4 . | . . . . . . Level 5 . | . . . . . . High Security . | . . . . . . Max Security . | . . . . . . Peak Influence 528 | 5 31 36 40 . 528 Initial . | . . . . . . Average 91 | 1 4 3 8 . 308 Influence Increases 995 | 10 33 47 110 . 795 Destroy 0b10 Robot/C 400 | . 20 40 20 . 320 Destroy 0b10 Robot/NC 30 | 10 . . 20 . . Destroy Leader 122 | . 10 . 12 . 100 Allied During Kill 210 | . . 6 3 . 201 Successful Hack 14 | . . . 7 . 7 Disable Machine 45 | . . . 30 . 15 Anti-Garrison Action 150 | . . . . . 150 Destroy Structure 9 | . 3 1 3 . 2 Partial Spotted 15 | . . . 15 . . Influence Decreases 733 | 10 33 47 110 . 533 Time Decay 440 | 10 33 47 107 . 243 Lost Part 110 | . . . . . 110 Lost Ally 183 | . . . 3 . 180 Squads Dispatched 11 | . 1 . 2 . 8 Investigation 3 | . . . 1 . 2 Extermination . | . . . . . . Reinforcement 4 | . 1 . 1 . 2 Assault 2 | . . . . . 2 Garrison 2 | . . . . . 2 Intercept . | . . . . . . Searches Triggered . | . . . . . . Construction Impeded . | . . . . . . Haulers Reinforced . | . . . . . . Active Scanning Responses . | . . . . . . Cargo Convoy Interrupts . | . . . . . . Stealth | -11 -10 -10 -9 -8 -8 --------- Run | Yrd Mat Min Mat Mat Sto Distress Signals . | . . . . . . Communications Jammed . | . . . . . . Distress Signals . | . . . . . . Times Spotted 43 | . 3 3 7 . 30 Peak Tracking Total 11 | . 1 3 4 . 11 Tactical Retreats 6 | . . . 4 . 2 ECM-based Alert Blocks 13 | . . . 4 . 9 Traps | -11 -10 -10 -9 -8 -8 ------- Run | Yrd Mat Min Mat Mat Sto Traps Triggered 6 | . . . 2 . 4 Indirectly . | . . . . . . Trap Hack Attempts . | . . . . . . Triggered . | . . . . . . Disarmed . | . . . . . . Reprogrammed . | . . . . . . Reused . | . . . . . . Traps Extracted . | . . . . . . Installed . | . . . . . . Triggered . | . . . . . . Machines | -11 -10 -10 -9 -8 -8 ---------- Run | Yrd Mat Min Mat Mat Sto Machines Disabled 4 | . . . 2 . 2 Max in Single Turn 1 | . . . 1 . 1 Garrison Access 1 | . . . . . 1 Machines Repaired . | . . . . . . Machines Dismantled . | . . . . . . Machines Sabotaged . | . . . . . . Overloaded Fab Kills . | . . . . . . Hacking | -11 -10 -10 -9 -8 -8 --------- Run | Yrd Mat Min Mat Mat Sto Machines Accessed 6 | . . . 2 . 4 Terminals 6 | . . . 2 . 4 Fabricators . | . . . . . . Repair Stations . | . . . . . . Recycling Units . | . . . . . . Scanalyzers . | . . . . . . Garrison Access . | . . . . . . Total Hacks 16 | . . . 5 . 11 Successful 8 | . . . 2 . 6 Failed 8 | . . . 3 . 5 Catastrophic 2 | . . . . . 2 Database Lockouts . | . . . . . . Manual 2 | . . . 1 . 1 Terminals 16 | . . . 5 . 11 Fabricators . | . . . . . . Repair Stations . | . . . . . . Recycling Units . | . . . . . . Scanalyzers . | . . . . . . Garrison Access . | . . . . . . Terminal Hacks 8 | . . . 2 . 6 Record 2 | . . . . . 2 Part Schematic 1 | . . . . . 1 Alert Level 1 | . . . . . 1 Patrol Status 1 | . . . 1 . . Assault Status 1 | . . . . . 1 Zone Layout 2 | . . . 1 . 1 Fabricator Hacks . | . . . . . . Repair Station Hacks . | . . . . . . Recycling Unit Hacks . | . . . . . . Scanalyzer . | . . . . . . Garrison Access Hacks . | . . . . . . Unauthorized Hacks . | . . . . . . Terminals . | . . . . . . Fabricators . | . . . . . . Repair Stations . | . . . . . . Recycling Units . | . . . . . . Scanalyzers . | . . . . . . Garrison Access . | . . . . . . Data Cores Recovered . | . . . . . . Used . | . . . . . . Hacking Detections 5 | . . . 2 . 3 Full Trace Events 3 | . . . 1 . 2 Feedback Events . | . . . . . . Feedback Blocked . | . . . . . . Robot Schematics Acquired . | . . . . . . Robots Built . | . . . . . . Authchips . | . . . . . . Time . | . . . . . . Total Robot Build Rating . | . . . . . . Part Schematics Acquired 1 | . . . . . 1 Parts Built . | . . . . . . Authchips . | . . . . . . Time . | . . . . . . Total Part Build Rating . | . . . . . . Part Studies Acquired . | . . . . . . Parts Repaired . | . . . . . . Time . | . . . . . . Parts Recycled . | . . . . . . Recycled Matter . | . . . . . . Retrieved Matter . | . . . . . . Retrieved Components . | . . . . . . Parts Scanalyzed . | . . . . . . Part Schematics Acquired . | . . . . . . Parts Damaged . | . . . . . . Bothacking | -11 -10 -10 -9 -8 -8 ------------ Run | Yrd Mat Min Mat Mat Sto Used RIF Installer . | . . . . . . Robots Hacked . | . . . . . . Non-combat . | . . . . . . Combat . | . . . . . . Robot Hacks Applied . | . . . . . . Relay Couplers Released . | . . . . . . Fabnet Peak Effective % . | . . . . . . Robots Rewired . | . . . . . . Allies Hacked . | . . . . . . Hacks Repelled . | . . . . . . Allies | -11 -10 -10 -9 -8 -8 -------- Run | Yrd Mat Min Mat Mat Sto Total Allies 13 | . . 3 . . 10 Largest Group 10 | . . 3 2 . 10 Highest-Rated Group 173 | . . 40 24 . 173 Highest-Rated Ally 29 | . . 16 16 . 29 Total Orders . | . . . . . . Ally Attacks 141 | . . 1 28 . 112 Total Damage 1696 | . . 10 242 . 1444 Kills 19 | . . 1 4 . 14 Allies Corrupted . | . . . . . . Allies Melted . | . . . . . . Intel | -11 -10 -10 -9 -8 -8 ------- Run | Yrd Mat Min Mat Mat Sto Active Infowar (turns) 1826 | 24 188 564 519 17 514 Sensors 1029 | . . . 498 17 514 Terrain 187 | 24 163 . . . . Seismic 1148 | 14 188 564 21 16 345 ECM 1471 | . 25 564 519 17 346 Robot Analysis Total . | . . . . . . Derelict Logs Recovered 1 | . . 1 . . . Drone Launches . | . . . . . . Drone Recoveries . | . . . . . . Exploration | -11 -10 -10 -9 -8 -8 ------------- Run | Yrd Mat Min Mat Mat Sto Turns Passed 1905 | 79 188 564 519 17 538 Spaces Moved 1241 | 42 123 447 360 13 256 Core 41 | 6 . . . . 35 Treads . | . . . . . . Legs 1200 | 36 123 447 360 13 221 Wheels . | . . . . . . Hover . | . . . . . . Flight . | . . . . . . Fastest Speed 50 | 50 120 120 120 120 50 Average Speed 128 | 113 120 120 120 120 160 Slowest Speed 350 | 120 120 120 190 120 350 Overloaded Moves . | . . . . . . Propulsion Burnouts . | . . . . . . Robots Hopped . | . . . . . . Potential Cave-ins . | . . . . . . Cave-ins Triggered . | . . . . . . Exploration Rate (%) 31 | 4 16 81 35 2 49 Regions Visited 5 Branch Regions 2 Pre-discovered Areas 1 | . . 1 . . . Known Exits Taken 2 | . . . 1 1 . Unknown Exits Taken 3 | 1 1 1 . . . Scrap Searched . | . . . . . . Spaces Dug 3 | . . 1 2 . . Terrain Destroyed 7 | . 3 1 3 . . Melee . | . . . . . . Projectile 7 | . 3 1 3 . . AOE . | . . . . . . Terrain Rammed 3 | . . . . . 3 Walls Destroyed . | . . . . . . Machines Disabled . | . . . . . . Actions | -11 -10 -10 -9 -8 -8 --------- Run | Yrd Mat Min Mat Mat Sto Total 1416 | 63 142 464 398 14 335 Wait 25 | . 4 9 2 . 10 Move 1236 | 41 122 446 359 12 256 Hop . | . . . . . . Pick Up 15 | 5 4 . 1 . 5 Fast Attach 14 | 6 . . 5 . 3 Attach 7 | 1 . . 1 2 3 Detach 1 | . . . 1 . . Swap 7 | . 1 2 1 . 3 Drop 11 | 1 2 1 2 . 5 Fire 77 | 9 9 6 26 . 27 Melee . | . . . . . . Ram 10 | . . . . . 10 Kick . | . . . . . . Crush . | . . . . . . Escape Stasis 10 | . . . . . 10 Rewire 3 | . . . . . 3 Trap . | . . . . . . Miscellaneous . | . . . . . . Route ------- -11/Scrapyard -10/Materials -10/Mines -9/Materials -8/Materials -8/Storage History --------- Turn | Location | Event 6 | -11/Scrapyard | Discovered new exit (range 15) 80 | -11/Scrapyard | Entered Materials 80 | -10/Materials | Discovered new exit (range 7) 268 | -10/Materials | Entered Mines 288 | -10/Mines | Met a Derelict bent on vengeance 302 | -10/Mines | Build established: Mutant 592 | -10/Mines | Assisted by bots powering up and referring to "LRC-V3" 628 | -10/Mines | Discovered new exit (range 11) 679 | -10/Mines | Learned location of Storage (-8) 832 | -10/Mines | Entered Materials 832 | -9/Materials | Accompanied by 2 allies 832 | -9/Materials | Evolved 2 slots: Power x1, Utility x1 1334 | -9/Materials | Discovered new exit (range 14) 1349 | -9/Materials | Identified exit to Materials 1351 | -9/Materials | Entered another Materials area 1351 | -8/Materials | Evolved 2 slots: Propulsion x1, Utility x1 1353 | -8/Materials | Discovered new exit (range 8) 1361 | -8/Materials | Identified exit to Storage 1368 | -8/Materials | Entered Storage 1387 | -8/Storage | Assisted by bots powering up and referring to "LRC-V3" 1394 | -8/Storage | Garrison activated, responded to threat 1612 | -8/Storage | Lost 8 allies 1890 | -8/Storage | Core integrity fell below 50% 1893 | -8/Storage | Core integrity fell below 20% 1906 | -8/Storage | Destroyed by G-50 Soldier with Heavy Laser Last Messages --------------- Sensor Array destroyed. Penetrated by Slug. Slammed into G-47 Trooper. Slammed into G-50 Soldier. Nuclear Core destroyed. K-01 Serf collects debris. Slammed into G-50 Soldier. Nuclear Core destroyed. Penetrated by Slug. Slammed into M-28 Smith. M-28 Smith knocked back. K-01 Serf collects debris. Critical hit (Burn: +37). Penetrated by Slug. Hacking Suite destroyed. Acquired Prototype Launcher. Identified Adv. EMP Blaster. Acquired Adv. EMP Blaster. Slug penetrates Wall. Door Terminal disabled. Map ----- +----------------------------------------------------+ | ?????????????????# #????????????????????????? | | ????????#######??# #????????????????????????? | | ????????# #??# #????????????????????????? | | ????????# #??# #????????????????????????? | | ????????#T #??? #????????????????????????? | | ????????## ##???? ?#######?????????????????? | | ?????######+#########+#### +?????????????????? | | ?????# ^ % #?????????????????? | | ?????# ^ % T #?????????????????? | | ?????# #?????????????????? | | ?????######/######## ##### #?????????????????? | | ???????# #??# #??####/#####???????????????? | | ???????# ! #??# #??# #???????????????? | | ????#### %% #### #??# "" #???????????????? | | ????# "" ! / #??# T" #??????#+####### | | ????#"G #### #??# "" #?????? | | ????# "" """ #?## #??# ####### | | ????#### R" #?# #?# """ / = | | ???????# """ #?# T ??#=! """ ####%*= | | ???????# #?# ?##% """ #??#=%= | | ??????###########?## #?#= #??#[%* """ | | ?????## """ #??# #?###########??# """ | | ?????#T "T" #### ###????????????# """ ??? | | ?????## + # ####????######"## | | ??????# # b# "]]#????# # | | ?##########+##### ggg @#????# # ^ | | ?# # g# "m]#???## !!! | | ?# """ # ######???# !!! | | ?# """ # ########### # !!! | | ?# """ # % # + "% | | ?# + % ^^ %# # | | ?# """ # %^ #!! # ######+ | | ?# """ ###+#/######/##/######! # #?????? | | ?# """ # #?# = ## ! # #?????? | | ?# # #?# % ## # #?????? | | ?### ###### #?# """" ##### ####? #?????? | | ???###????# !! ### "??" #???###???? #?????? | | ??????????# ! ## "??" #?????????? ?#?????? | | ??????????# ### "??" #??????????????????? | | ??????????# "T" #?# "??" #??????????????????? | | ??????????# """ #?# """" #??????????????????? | | ??????????# #?# #??????????????????? | | ??????????###" "#?##?##########??????????????????? | | ????????????#"Y"?????????????????????????????????? | | ?????????????"""?????????????????????????????????? | | ?????????????????????????????????????????????????? | | ?????????????????????????????????????????????????? | | ?????????????????????????????????????????????????? | | ?????????????????????????????????????????????????? | | ?????????????????????????????????????????????????? | +----------------------------------------------------+ Best States ------------- Heat Dissipation 31 Energy Generation 23 Energy Capacity 400 Matter Stores 300 Matter Capacity 300 Sight Range 16 Robot Scan Range 14 Terrain Scan Range 16 Terrain Scan Density 10 ECM Strength 1 Evasion (%) 55 Offensive Hacking 10 Defensive Hacking 10 Item Schematics ----------------- Chainsword | -8/Storage | Hacked Robot Schematics ------------------ None Fabricated ------------ Nothing Repaired ---------- Nothing Studied --------- None Alien Tech Used ----------------- None Achievements -------------- The More The Merrier Challenges ------------ None Game ------ Seed VampiricMicroHammerchucker Manual? 0 Play Time 00:25:15 Cumulative 18.9 hours Start 2026.02.16 @ 14:02:05 End 2026.02.17 @ 11:39:36 Sessions 3 Manual Loads 0 Difficulty Rogue Special Mode None Game No. 33 Rogue 33 Adventurer 0 Explorer 0 Win Type - Total 0 Types 0/0/0/0/0/0/0/0/0/0 Lore% 22 Gallery% 16 Achievement% 16 Wizard Run 0 Options --------- Layout 1 ASCII 0 Keyboard 1 Movement Arrows Keybinds 0 Fullscreen 0 Font 14/SmallcapsGlow Map View 55x38 Zoom Use 0% Tactical HUD 0 Map Filters NONE Filters NONE Steam 1 RUN: a15a0d73-a28b-4252-bf10-b00d3a6b454e